 Dungeon Crawl Stone Soup version 0.30-a0-118-ga018f8e90f (webtiles) character file.

Game seed: 17168224372260741136

242 lesbiats the Cudgeller (level 5, 0/53 HPs)
             Began as a Troll Fighter on Sept 14, 2022.
             Slain by an orc warrior
             ... wielding a +1 vorpal halberd
              (2 damage)
             ... on level 4 of the Dungeon.
             The game lasted 00:09:40 (1912 turns).

lesbiats the Cudgeller (Troll Fighter)              Turns: 1912, Time: 00:09:40

Health: 0/53       AC:  4    Str: 26    XL:     5   Next: 82%
Magic:  4/4        EV:  9    Int:  4    God:
Gold:   208        SH:  8    Dex: 15    Spells: 4/4 levels left

rFire   . . .      SeeInvis .    w - +1 mace (protect)
rCold   . . .      Faith    .    c - +0 kite shield
rNeg    . . .      Spirit   .    b - +0 robe
rPois   .          Reflect  .    (helmet restricted)
rElec   .          Harm     .    (no cloak)
rCorr   .          Rampage  .    (gloves unavailable)
Will    .....                    (boots unavailable)
Stlth   +.........               (no amulet)
HPRegen 0.97/turn                o - +6 ring of dexterity
MPRegen 0.09/turn                (no ring)

@: no status effects
A: large, unfitting armour, claws 3, regeneration 1, shaggy fur 1, tough skin 1
a: no special abilities


You were on level 4 of the Dungeon.
You visited 1 branch of the dungeon, and saw 4 of its levels.

You collected 208 gold pieces.

Inventory:

Hand Weapons
 w - a +1 mace of protection (weapon)
Missiles
 e - 47 stones (quivered)
Armour
 b - a +0 robe (worn)
 c - a +0 kite shield (worn)
Jewellery
 o - a +6 ring of dexterity (left claw)
Scrolls
 h - 2 scrolls of identify {unknown}
 j - 2 scrolls of vulnerability {unknown}
 l - a scroll of immolation {unknown}
 m - a scroll of butterflies {unknown}
 s - 2 scrolls of fear {unknown}
 t - 2 scrolls of enchant weapon {unknown}
Potions
 d - a potion of might
 f - a potion of degeneration
 g - 2 potions of flight
 i - 2 potions of heal wounds
 k - 2 potions of lignification {unknown}
 n - a potion of attraction {unknown}
 q - a potion of curing {unknown}
 r - a potion of invisibility {unknown}
 u - a potion of resistance {unknown}
 v - a potion of haste {unknown}


   Skills:
 + Level 3.6 Fighting
 * Level 4.0 Maces & Flails
 - Level 3.0 Dodging
 - Level 3.0 Shields


You had 4 spell levels left.
You didn't know any spells.
Your spell library contained the following spells:

 Spells                   Type           Power      Damage    Failure   Level
 Confusing Touch          Hex            0%         N/A       99%         3
 Yara's Violent Unravell  Hex/Tmut       0%         3d3       100%        5
 Enfeeble                 Hex            0%         N/A       100%        7


Dungeon Overview and Level Annotations

Branches:
Dungeon (4/15)
 Temple: D:4-7

Altars:
Gozag
Okawaru

Annotations:
D:3 1 runed translucent door, shadownightmare's ghost, amateur DrFE


Innate Abilities, Weirdness & Mutations

You are too large for most types of armour.
You have claws for hands.
Your natural rate of healing is unusually fast.
You are covered in fur. (AC +1)
You have tough skin. (AC +1)


Message History

The orc warrior is moderately wounded.
You block the orc warrior's attack.
You hit the orc warrior but do no damage.
The orc warrior is moderately wounded.
You block the orc warrior's attack.
The orc warrior hits you with a +1 vorpal halberd.
You hit the orc warrior but do no damage.
The orc warrior is moderately wounded.
The orc warrior misses you.
Throw: 2 javelins
Press: ? - help, Shift-Dir - straight line, f - orc warrior
Aim: an orc warrior, wielding a +1 vorpal halberd, wearing a +0 plate armour and wearing a ring of resist corrosion (moderately wounded, 59% to hit)
You throw a javelin.
The javelin pierces through the orc warrior but does no damage.
The orc warrior is moderately wounded.
The javelin barely misses the orc.
You block the orc warrior's attack.
The orc warrior hits you with a +1 vorpal halberd!
* * * LOW HITPOINT WARNING * * *
Throw: javelin
Press: ? - help, Shift-Dir - straight line, f/p - orc warrior
Aim: an orc warrior, wielding a +1 vorpal halberd, wearing a +0 plate armour and wearing a ring of resist corrosion (moderately wounded, 59% to hit)
You throw a javelin.
The javelin pierces through the orc warrior but does no damage.
The orc warrior is moderately wounded.
The javelin closely misses the orc.
You block the orc warrior's attack.
You hit the orc warrior.
The orc warrior is moderately wounded.
You block the orc warrior's attack.
The orc warrior hits you with a +1 vorpal halberd!
* * * LOW HITPOINT WARNING * * *
x2 You barely miss the orc warrior.
The orc warrior is moderately wounded.
The orc warrior completely misses you.
You closely miss the orc warrior.
The orc warrior is moderately wounded.
The orc warrior hits you with a +1 vorpal halberd!
* * * LOW HITPOINT WARNING * * *
You die...

#
#.#
#(#
#.#
#.#
#.#
#.#
#o#
#o#
#@#
###


You could see an orc warrior and an orc.

Vanquished Creatures
  A scorpion (D:4)
  Jessica (D:2)
  Ijyb (D:3)
  Terence (D:3)
  Robin (D:3)
  3 gnolls (D:3)
  An adder (D:3)
  A worm (D:2)
  A dart slug (D:3)
  2 orcs
  3 bats
  6 endoplasms
  A giant cockroach (D:3)
  16 goblins
  2 hobgoblins
  2 jackals (D:1)
  A quokka (D:3)
  4 ball pythons
  5 frilled lizards
  5 kobolds
  2 rats
60 creatures vanquished.

Vanquished Creatures (others)
  6 plants (D:3)
  9 withered plants (D:3)
15 creatures vanquished.

Grand Total: 75 creatures vanquished

Notes
Turn   | Place    | Note
-------+----------+-------------------------------------------
     0 | D:1      | lesbiats the Troll Fighter began the quest for the Orb.
     0 | D:1      | Reached XP level 1. HP: 22/22 MP: 0/0
   183 | D:1      | Reached skill level 2 in Maces & Flails
   246 | D:1      | Reached XP level 2. HP: 29/29 MP: 1/1
   688 | D:2      | Noticed Jessica
   693 | D:2      | Killed Jessica
   694 | D:2      | Reached XP level 3. HP: 36/36 MP: 2/2
  1020 | D:3      | Noticed Ijyb
  1022 | D:3      | Found a runed translucent door.
  1082 | D:3      | Killed Ijyb
  1083 | D:3      | Reached XP level 4. HP: 39/45 MP: 3/3
  1132 | D:3      | Found a faded altar of an unknown god.
  1243 | D:3      | Noticed shadownightmare's ghost (amateur DrFE)
  1535 | D:3      | Reached skill level 3 in Maces & Flails
  1542 | D:3      | Noticed Terence
  1559 | D:3      | Killed Terence
  1560 | D:3      | Reached XP level 5. HP: 45/53 MP: 4/4
  1569 | D:3      | Noticed Robin
  1578 | D:3      | Killed Robin
  1640 | D:3      | Found an iron altar of Okawaru.
  1640 | D:3      | Found an opulent altar of Gozag.
  1814 | D:4      | Reached skill level 4 in Maces & Flails
  1836 | D:4      | Noticed an orc warrior
  1912 | D:4      | HP: 2/53 [orc warrior/+1 vorpal halberd (7)]
  1912 | D:4      | Slain by an orc warrior

Illustrated notes

Levels and vault maps discovered:
D:1:      sevenhm_arrival_forest_fort_small_3, layout_loops_ring
D:2:      layout_rooms, nicolae_elevator_lobby_asterisk, uniq_jessica
D:3:      layout_basic, grunt_temple_overflow_open, gammafunk_ghost_grave,
          shapermc_ecumenical_altar_flowoftime, st_stairs_2, uniq_robin,
          uniq_ijyb, uniq_terence
D:4:      layout_basic, grunt_temple_overflow_cloverleaf, temple_pool_b,
          serial_shops, shop, minmay_pentangle, uniq_sigmund

Skill      XL: |  1  2  3  4  5 |
---------------+----------------+-----
Maces & Flails | 2 3 4 |  4.0
Shields        | 3 |  3.0
Fighting       | 3 |  3.6
Dodging        | 3 |  3.0

Action                   |  1- 3 |  4- 6 || total
-------------------------+-------+-------++-------
Melee: Flail             |   100 |   111 ||   211
       Mace              |       |    32 ||    32
Throw: Stone             |     4 |     2 ||     6
       Javelin           |       |     4 ||     4
  Use: Potion            |     2 |       ||     2
Armor: Robe              |    30 |    40 ||    70
Dodge: Dodged            |    40 |    48 ||    88
Block: Kite shield       |    39 |    59 ||    98

Table legend: (Time is in decaauts)
 A = Elapsed time spent in this place.
 B = Non-inter-level travel time spent in this place.
 C = Inter-level travel time spent in this place.
 D = Time resting spent in this place.
 E = Time spent auto-exploring this place.
 F = Levels seen in this place.
 G = Mean time per level.
                   A        B        C        D        E       F      G
               +--------+--------+--------+--------+--------+-----+--------+
         Total |   2012 |   1937 |     75 |     71 |   1104 |   4 |  503.0 |
       Dungeon |   2012 |   1937 |     75 |     71 |   1104 |   4 |  503.0 |
               +--------+--------+--------+--------+--------+-----+--------+

Top non-repeatable levels by time:
     D:3: 899 daAuts
     D:1: 615 daAuts
     D:2: 394 daAuts
     D:4: 103 daAuts
